 Dungeon Crawl Stone Soup version 0.31-a0-1591-g515db51633 (webtiles) character file.

Game seed: 7815452243171450229

560 Flugslaktarn the Apothecary (level 7, -2/41 HPs)
             Began as an Octopode Alchemist on Jan 6, 2024.
             Was a Follower of Sif Muna.
             Succumbed to an orc wizard's poison
             ... on level 5 of the Dungeon.
             The game lasted 00:03:52 (1573 turns).

Flugslaktarn the Apothecary (Octopode Alchemist)    Turns: 1573, Time: 00:03:53

Health: -2/41      AC:  1    Str:  7    XL:     7   Next: 31%
Magic:  1/13       EV: 13    Int: 19    God:    Sif Muna [*.....]
Gold:   145        SH:  5    Dex: 13    Spells: 5/14 levels left

rFire   . . .        b - +0 dagger
rCold   + . .        (no shield)
rNeg    . . .        g - +0 hat
rPois   .            l - amulet of reflection
rElec   .            c - ring of protection from cold
rCorr   +            k - ring of resist corrosion
SInv    .            (no ring)
Will    .....        (no ring)
Stlth   +++          (no ring)
HPRegen 0.26/turn    (no ring)
MPRegen 0.13/turn    (no ring)
                     (no ring)

%: reflection
@: mighty, lethally poisoned (-2 -> -28)
A: almost no armour, amphibious, 8 rings, camouflage 1, gelatinous body 1,
(nimble swimmer 1), tentacles
a: Renounce Religion, Channel Magic


You were on level 5 of the Dungeon.
You worshipped Sif Muna.
Sif Muna was aware of your devotion.
You visited 1 branch of the dungeon, and saw 5 of its levels.

You collected 145 gold pieces.

Inventory:

Hand Weapons
 b - a +0 dagger (weapon)
   (You found it on level 1 of the Dungeon)
Armour
 g - a +0 hat (worn)
   (You found it on level 1 of the Dungeon)
Jewellery
 c - a ring of protection from cold (left tentacle)
   (You found it on level 1 of the Dungeon)
 j - a ring of ice
   (You found it on level 3 of the Dungeon)
 k - a ring of resist corrosion (right tentacle)
   (You found it on level 4 of the Dungeon)
 l - an amulet of reflection (around mantle)
   (You found it on level 2 of the Dungeon)
 w - a +6 ring of strength
   (You found it on level 5 of the Dungeon)
Scrolls
 e - a scroll of immolation {unknown}
 f - a scroll of fog {unknown}
 h - 3 scrolls of identify {unknown}
 i - a scroll of brand weapon {unknown}
 m - a scroll of revelation {unknown}
 n - 3 scrolls of enchant armour {unknown}
 p - a scroll of torment {unknown}
 r - a scroll of blinking {unknown}
 u - a scroll of acquirement {unknown}
 v - a scroll of teleportation {unknown}
Potions
 a - a potion of magic
 o - a potion of ambrosia {unknown}
 s - a potion of degeneration {unknown}
 t - a potion of lignification {unknown}


   Skills:
 - Level 2.0 Dodging
 - Level 2.6 Stealth
 + Level 4.2 Spellcasting
 - Level 1.0 Conjurations
 + Level 2.0 Fire Magic
 * Level 7.2 Alchemy


You had 5 spell levels left.
You knew the following spells:

 Your Spells              Type           Power      Damage    Failure   Level
a - Sting                 Conj/Alch      76%        1d7       2%          1
b - Olgreb's Toxic Radia  Alch           31%        N/A       7%          4
c - Sticky Flame          Fire/Alch      21%        2d6       21%         4

Your spell library contained the following spells:

 Spells                   Type           Power      Damage    Failure   Level
 Mercury Vapours          Alch/Air       34%        N/A       4%          2
 Mephitic Cloud           Conj/Alch/Air  14%        N/A       13%         3


Dungeon Overview and Level Annotations

Branches:
Dungeon (5/15)
 Temple: D:4-7

Altars:
Sif Muna
Wu Jian
Zin

Shops:
D:2 [


Innate Abilities, Weirdness & Mutations

You cannot wear most types of armour.
You are amphibious.
You can wear up to eight rings at the same time.
Your skin changes colour to match your surroundings (Stealth+).
Your rubbery body absorbs attacks. (AC +1, EV +1)
((You are camouflaged when in or above water. (Stealth+)))
You have tentacles for arms and can constrict up to eight enemies at once.


Message History

The orc wizard is poisoned.
Your toxic aura wanes.
You feel sick. Sif Muna accepts your kill.
Reactivating autopickup.
You feel a bit more experienced.
You kill the adder!
Sif Muna accepts your kill.
An orc priest comes into view. It is wielding a +0 short sword.
Casting: Olgreb's Toxic Radiance (quite dangerous; 8% risk of failure)
Confirm with . or Enter, or press ? or * to list all spells.
You begin to radiate toxic energy.
The orc priest is poisoned.
The orc priest looks even sicker.
The orc wizard looks even sicker.
You feel sick.
Unknown command.
The orc priest looks even sicker.
The orc wizard looks even sicker.
Your toxic aura wanes.
You feel sick.
You see here an adder corpse.
You feel sick.
The orc priest looks braver for a moment.
You feel sick.
You are no longer poisoned.
Things that are here:
a +0 leather armour; a +0 dagger
There is a stone staircase leading down here.
The orc wizard mumbles some strange words.
The orc wizard flickers and vanishes!
Deactivating autopickup; reactivate with Ctrl-A.
Casting: Olgreb's Toxic Radiance (quite dangerous; 8% risk of failure)
Confirm with . or Enter, or press ? or * to list all spells.
You begin to radiate toxic energy.
The orc priest looks even sicker.
Sif Muna accepts your kill.
Reactivating autopickup.
You feel a bit more experienced.
Your Fire Magic skill increases to level 2!
Unknown command.
The orc priest looks as sick as possible!
You kill the orc priest!
Sif Muna accepts your kill.
You can now call upon Sif Muna for magical energy.
Your toxic aura wanes.
An orc wizard is nearby!
Casting: Olgreb's Toxic Radiance (quite dangerous; 7% risk of failure)
Confirm with . or Enter, or press ? or * to list all spells.
Aiming: Sting (safe; 2% risk of failure)
Press: ? - help, Shift-Dir - straight line, f - orc wizard
Aim: an orc wizard, wielding a +2 dagger of venom and wearing a +0 robe (wandering, hasn't noticed you, 67% to hit)
The sting misses the orc wizard.
The orc wizard shouts!
Casting: Sting (safe; 2% risk of failure)
Confirm with . or Enter, or press ? or * to list all spells.
Aiming: Sting (safe; 2% risk of failure)
Press: ? - help, Shift-Dir - straight line, f/p - orc wizard
Aim: an orc wizard, wielding a +2 dagger of venom and wearing a +0 robe (67% to hit)
The sting misses the orc wizard.
An orc comes into view. It is wielding a +0 flail.
The orc wizard hits you with a +2 dagger of venom.
You are poisoned.
You hit the orc wizard. Your grab misses the orc wizard.
You squeeze the orc wizard.
The orc wizard is moderately wounded.
You feel sick.
The orc wizard casts a spell.
The orc wizard flickers and vanishes!
Deactivating autopickup; reactivate with Ctrl-A.
Casting: Sting (safe; 2% risk of failure)
Confirm with . or Enter, or press ? or * to list all spells.
Aiming: Sting (safe; 2% risk of failure)
Press: ? - help, Shift-Dir - straight line You miscast Sting.
You are very lightly contaminated with residual magic.
Nothing appears to happen.
You feel sick. Something hits you.
Unknown command.
You feel sick.
It was a potion of curing.
You feel better.
q - a potion of curing;
j - a ring of ice Something hits you.
You are poisoned.
You feel better. Something hits you.
You are poisoned.
Okay, then.
You aren't carrying any items that you can evoke.
Unknown command.
You feel very mighty all of a sudden.
You feel very sick. Something hits you.
You barely miss something. Your squeeze misses something.
You feel very sick. Something hits you.
You are lethally poisoned!
You miss something. Your squeeze misses something.
* * * LOW HITPOINT WARNING * * *
You feel very sick. Something hits you.
* * * LOW HITPOINT WARNING * * *
You are more poisoned.
Your magical contamination has completely faded away.
You barely miss something.
You die...

###..####.###...........
.##....................#
.##.#.###.##...........#
..........##.###.#######
#.#.########.# #.#
#............# #.# ####
#..######....# #.# #...
#.......#....# #.# ..#
....###.#....# #@##.#
....###......###{#..###..
....'...........o........
....#########....).####.
....## #....>....# .....#
#.[..)....# .....#
#...).....# .....#
#...†.....# .....#
#...$.....#


You could see an orc.

Vanquished Creatures
  A centaur (D:5)
  A bombardier beetle (D:5)
  3 orc priests
  A gnoll bouda (D:4)
  2 iguanas (D:5)
  6 orc wizards
  5 adders
  A white imp (D:5)
  2 dart slugs
  18 orcs
  3 ball pythons
  5 endoplasms
  2 giant cockroaches (D:1)
  3 goblins
  3 hobgoblins
  3 kobolds
  2 quokkas
  3 bats
  6 frilled lizards
  A rat (D:3)
71 creatures vanquished.

Notes
Turn   | Place    | Note
-------+----------+-------------------------------------------
     0 | D:1      | Flugslaktarn the Octopode Alchemist began the quest for the
                  | Orb.
     0 | D:1      | Reached XP level 1. HP: 11/11 MP: 3/3
   102 | D:1      | Reached XP level 2. HP: 14/17 MP: 3/5
   219 | D:1      | Reached skill level 4 in Alchemy
   306 | D:3      | Reached XP level 3. HP: 13/21 MP: 3/6
   512 | D:2      | Found Qoyrat's Armour Emporium.
   584 | D:4      | HP: 1/21 [orc wizard/puff of flame (15)]
   586 | D:4      | Reached XP level 4. HP: 1/27 MP: 0/8
   684 | D:3      | Reached skill level 5 in Alchemy
   690 | D:3      | Learned a level 4 spell: Olgreb's Toxic Radiance
   906 | D:4      | Reached XP level 5. HP: 20/31 MP: 9/9
   988 | D:4      | Found an ornate altar of the Wu Jian Council.
   991 | D:4      | Found a glowing silver altar of Zin.
  1039 | D:4      | Reached skill level 6 in Alchemy
  1039 | D:4      | Reached XP level 6. HP: 12/36 MP: 4/11
  1161 | D:4      | Found a shimmering blue altar of Sif Muna.
  1169 | D:4      | Became a worshipper of Sif Muna the Loreminder
  1175 | D:4      | Learned a level 4 spell: Sticky Flame
  1263 | D:5      | Entered Level 5 of the Dungeon
  1273 | D:5      | Reached skill level 1 in Fire Magic
  1471 | D:5      | Reached XP level 7. HP: 26/41 MP: 7/13
  1503 | D:5      | Reached skill level 7 in Alchemy
  1559 | D:5      | Reached * piety under Sif Muna
  1573 | D:5      | Succumbed to an orc wizard's poison

Illustrated notes

Levels and vault maps discovered:
D:1:      elethiomel_arrival_infinity_welcomes_careful_drivers, layout_basic,
          ebering_ecumenical_altar_abandoned
D:2:      layout_loops_corners, serial_shops, nicolae_shop_tiny_statue_garden,
          nicolae_book_shop_shelving
D:3:      layout_loops_cross
D:4:      layout_loops_corners, jmf_multi_god_temple,
          mainiacjoe_overflow_alcove_2
D:5:      layout_basic, uniq_menkaure

Skill      XL: |  1  2  3  4  5  6  7 |
---------------+----------------------+-----
Alchemy        | 4 5 6 7 |  7.2
Spellcasting   | 3 4 |  4.2
Fire Magic     | 1 2 |  2.0
Dodging        | |  2.0
Stealth        | |  2.6
Conjurations   | |  1.0

Action                     |  1- 3 |  4- 6 |  7- 9 || total
---------------------------+-------+-------+-------++-------
  Melee: Dagger            |    50 |    29 |     9 ||    88
         Constrict         |    14 |    10 |     1 ||    25
         Tentacles         |    10 |     7 |     3 ||    20
         Punch             |     2 |       |       ||     2
   Cast: Sting             |    34 |    35 |     5 ||    74
         Olgreb's Toxic Ra |       |     4 |     3 ||     7
    Use: Potion            |       |     1 |     3 ||     4
   Stab: Sleeping          |     1 |       |       ||     1
 Armour: Skin              |    27 |    10 |    11 ||    48
  Dodge: Dodged            |    40 |    14 |     2 ||    56
  Block: Other             |       |     3 |       ||     3
         Reflection        |       |     1 |       ||     1

Table legend: (Time is in decaauts)
 A = Elapsed time spent in this place.
 B = Non-inter-level travel time spent in this place.
 C = Inter-level travel time spent in this place.
 D = Time resting spent in this place.
 E = Time spent auto-exploring this place.
 F = Levels seen in this place.
 G = Mean time per level.
                   A        B        C        D        E       F      G
               +--------+--------+--------+--------+--------+-----+--------+
         Total |   1572 |   1436 |    136 |     44 |    583 |   5 |  314.4 |
       Dungeon |   1572 |   1436 |    136 |     44 |    583 |   5 |  314.4 |
               +--------+--------+--------+--------+--------+-----+--------+

Top non-repeatable levels by time:
     D:4: 517 daAuts
     D:3: 390 daAuts
     D:5: 286 daAuts
     D:1: 234 daAuts
     D:2: 143 daAuts
